Map: Simulacrum LE

Players

Ratl - Winner!

  • Race: Protoss Protoss
  • League: Silver
  • Spawn Location: 11:00

Dangelo

  • Race: Zerg Zerg
  • League: Gold
  • Spawn Location: 5:00

VOD

Have the link to the VOD?

Description

Time

  • Played on: Jan. 18, 2020, 7:26 p.m.
  • Length: 17:28
Show
View Real Time Build Order
Export as new Build Order

Ratl Protoss - Winner!

Build Orders: Blink Stalkers 

Get SALT Encoding   

  12  0:01  Probe  
  13  0:14  Probe  
  14  0:23  Pylon  
  14  0:26  Probe  
  15  0:41  Probe (Chrono Boost)  
  15  0:42  Gateway  
  16  0:51  Assimilator  
  16  0:53  Probe (Chrono Boost)  
  17  0:58  Probe (Chrono Boost)  
  18  1:08  Probe  
  19  1:14  Gateway  
  18  1:18  Assimilator  
  18  1:22  Probe  
  19  1:34  Probe  
  19  1:38  Cybernetics Core  
  20  1:47  Probe  
  21  2:01  Probe  
  22  2:14  Probe  
  23  2:20  Pylon  
  23  2:21  Warp Gate (Chrono Boost)  
  23  2:31  Pylon  
  23  2:38  Probe, Stalker x2  
  28  2:45  Twilight Council  
  28  2:51  Probe  
  29  3:02  Nexus  
  29  3:03  Probe  
  30  3:15  Probe  
  31  3:27  Probe  
  31  3:29  Blink  
  31  3:30  Stalker  
  34  3:39  Probe  
  35  3:51  Probe  
  35  3:52  Gateway  
  34  4:14  Stalker x2  
  36  4:18  Pylon  
  36  4:19  Probe x2  
  38  4:31  Probe x2  
  40  4:34  Robotics Facility  
  40  4:40  Dark Shrine  
  40  4:44  Probe  
  40  4:45  Probe  
  42  4:51  Forge  
  42  4:52  Stalker  
  44  4:57  Probe x2  
  46  5:07  Assimilator  
  46  5:09  Probe x2  
  48  5:14  Stalker x2  
  48  5:15  Stalker  
  54  5:22  Warp Prism  
  56  5:35  Pylon  
  56  5:38  Pylon  
  56  5:43  Protoss Ground Weapons Level 1  
  56  5:49  Probe, Assimilator  
  57  5:50  Probe  
  58  5:57  Photon Cannon  
  58  5:58  Observer  
  58  6:01  Probe  
  60  6:07  Pylon  
  60  6:18  Photon Cannon  
  60  6:29  Stalker x2  
  60  6:31  Dark Templar  
  66  6:56  Gateway  
  66  6:58  Gateway  
  66  7:01  Forge  
  54  7:47  Stalker x3  
  60  8:03  Dark Templar x2  
  59  8:28  Immortal  
  59  8:30  Protoss Ground Weapons Level 2 (Chrono Boost)  
  63  8:45  Stalker x3  
  65  8:56  Stalker x2  
  69  9:07  Immortal  
  69  9:14  Shadow Stride  
  69  9:16  Charge  
  67  9:17  Stalker x2  
  67  9:19  Zealot  
  67  9:22  Gateway  
  73  9:26  Gateway  
  73  9:28  Gateway  
  73  9:29  Pylon  
  73  9:41  Probe  
  73  9:43  Pylon, Immortal  
  74  9:47  Zealot x2  
  74  9:48  Zealot x3  
  88  9:57  Pylon  
  88  9:58  Shield Battery  
  88  10:01  Shield Battery  
  88  10:02  Shield Battery  
  88  10:04  Shield Battery  
  88  10:05  Shield Battery x2  
  88  10:13  Protoss Ground Armor Level 1 (Chrono Boost)  
  88  10:20  Stargate  
  88  10:22  Stargate  
  88  10:23  Stargate  
  88  10:31  Dark Templar x4  
  88  10:34  Dark Templar  
  98  10:43  Nexus  
  98  10:46  Protoss Shields Level 1  
  88  11:06  Assimilator  
  88  11:08  Assimilator  
  88  11:12  Dark Templar  
  88  11:13  Dark Templar x3  
  88  11:16  Zealot x3  
  102  11:18  Zealot  
  104  11:26  Pylon  
  104  11:31  Probe x2  
  105  11:43  Probe  
  105  11:44  Probe  
  101  11:55  Probe  
  86  12:20  Stalker x5  
  96  12:26  Probe (Chrono Boost)  
  93  12:34  Pylon  
  93  12:35  Pylon  
  93  12:36  Probe (Chrono Boost)  
  90  12:38  Pylon  
  90  12:41  Probe (Chrono Boost)  
  90  12:42  Stalker  
  91  12:52  Probe  
  91  13:01  Probe x2  
  91  13:04  Probe  
  94  13:09  Stalker x2  
  98  13:14  Probe (Chrono Boost)  
  99  13:22  Probe (Chrono Boost)  
  100  13:32  Probe (Chrono Boost)  
  101  13:37  Probe (Chrono Boost), Zealot x2  
  106  13:47  Immortal  
  110  13:48  Probe  
  111  14:00  Probe  
  111  14:02  Probe x2  
  114  14:13  Probe  
  114  14:14  Probe x2  
  117  14:23  Stalker x2  
  117  14:24  Stalker x3  
  123  14:25  Probe  
  123  14:26  Probe  
  97  14:41  Stalker x2  
  97  14:42  Stalker  
  97  15:00  Stalker x5  
  107  15:08  Stalker x2  
  107  15:09  Stalker  
  93  15:34  Nexus  
  93  15:44  Stalker x3  
  99  16:07  Nexus  
  81  16:44  Stalker  
  83  16:54  Assimilator  
  83  16:56  Assimilator  
  83  16:59  Stalker x2  
  83  17:01  Pylon  
  77  17:02  Pylon  
  77  17:04  Pylon  
  75  17:09  Stalker x3  
  75  17:13  Stalker x3  
  80  17:25  Pylon  
  80  17:27  Pylon  
Show
View Real Time Build Order
Export as new Build Order

Dangelo Zerg 

Build Orders: Hatch First, Swarm Host 

Get SALT Encoding   

  12  0:02  Drone  
  13  0:12  Overlord  
  13  0:26  Drone  
  13  0:27  Overlord  
  14  0:35  Drone  
  15  1:03  Hatchery  
  14  1:07  Drone x2  
  16  1:26  Spawning Pool  
  16  1:27  Drone  
  16  1:38  Extractor  
  15  1:46  Drone  
  15  1:47  Drone x2  
  18  2:02  Drone  
  19  2:16  Queen x2  
  19  2:20  Drone  
  25  2:22  Drone  
  25  2:23  Drone  
  26  2:35  Drone  
  27  2:42  Zergling x2  
  27  2:43  Zergling x2  
  29  2:44  Metabolic Boost  
  29  2:47  Drone  
  30  2:52  Drone  
  31  3:06  Drone  
  31  3:07  Drone  
  31  3:08  Drone  
  34  3:19  Zergling x2  
  35  3:31  Overlord  
  35  3:32  Overlord  
  35  3:37  Hatchery  
  34  3:45  Extractor  
  33  3:54  Zergling x4  
  35  4:17  Lair  
  35  4:18  Pneumatized Carapace  
  35  4:31  Drone x6  
  36  4:37  Drone x2  
  36  4:38  Extractor, Drone  
  43  5:01  Queen, Baneling Nest  
  43  5:06  Queen  
  44  5:09  Drone x3  
  49  5:18  Extractor  
  48  5:21  Spire  
  48  5:22  Overseer  
  48  5:24  Overseer  
  47  5:37  Drone x3  
  47  5:38  Overlord x2  
  47  5:39  Overlord  
  50  5:56  Queen  
  52  6:13  Baneling x9  
  52  6:14  Baneling  
  52  6:42  Overseer  
  52  6:49  Drone x3  
  52  6:51  Drone  
  52  6:52  Drone x6  
  52  6:53  Drone x2  
  64  6:56  Extractor  
  64  6:58  Zergling x2, Extractor  
  64  6:59  Zergling x10  
  64  7:00  Mutalisk x3  
  62  7:35  Overseer  
  55  7:37  Zergling x2  
  55  7:38  Zergling x6  
  55  7:39  Zergling x10  
  62  7:44  Zergling x2  
  60  8:08  Drone  
  60  8:09  Drone x3  
  60  8:10  Drone  
  60  8:12  Overlord x2  
  65  8:13  Overlord  
  65  8:22  Infestation Pit  
  65  8:24  Overseer  
  50  8:51  Zergling x2  
  50  8:52  Zergling x10  
  51  9:03  Zergling x2  
  51  9:05  Zergling x12  
  51  9:09  Mutalisk x3  
  56  9:10  Mutalisk x3  
  68  9:20  Baneling x5  
  68  9:23  Drone x3  
  71  9:24  Drone  
  71  9:25  Drone x3  
  71  9:27  Drone x2  
  77  9:42  Overseer  
  77  9:44  Baneling  
  77  9:59  Baneling  
  77  10:00  Baneling  
  77  10:02  Overseer  
  77  10:29  Drone  
  77  10:30  Drone x6  
  77  10:35  Hive  
  84  10:39  Baneling  
  84  10:40  Baneling x7  
  84  10:41  Zergling x4  
  84  10:42  Zergling x2  
  87  10:55  Drone x3  
  87  11:06  Zergling x2  
  87  11:07  Zergling x4  
  87  11:08  Zergling x2, Hatchery  
  90  11:23  Overlord x3  
  90  11:24  Overlord  
  90  11:29  Overlord  
  90  11:41  Queen  
  80  12:20  Zergling x2  
  80  12:21  Zergling x12  
  80  12:22  Swarm Host x3  
  96  12:23  Swarm Host x3  
  97  13:02  Queen  
  97  13:04  Swarm Host x2  
  97  13:05  Swarm Host x5  
  111  13:09  Corruptor  
  111  13:10  Corruptor x3  
  111  13:11  Corruptor x2  
  132  13:13  Corruptor x2  
  132  13:19  Baneling  
  136  13:20  Baneling x13  
  136  13:21  Overlord  
  136  13:28  Overseer  
  136  13:42  Drone x2  
  136  13:44  Drone x2  
  136  13:45  Drone x3  
  136  13:46  Drone  
  136  13:47  Overlord  
  144  14:05  Nydus Network  
  144  14:06  Overseer  
  127  14:39  Zergling x2  
  127  14:40  Zergling x12  
  127  14:41  Zergling x2  
  127  14:42  Zergling x4  
  127  14:43  Zergling x6  
  130  14:54  Mutalisk  
  122  15:11  Baneling  
  122  15:12  Baneling x5  
  116  15:27  Zergling x4  
  116  15:28  Zergling x2  
  89  15:51  Zergling x6  
  69  16:32  Spawning Pool  
Tags
 
Add a new tag
Caveats
  • Supply blocks, unpowered buildings, or Contaminate may cause inaccurate times.
  • Supply counts are checked every 10 seconds.